AoeStats
← lord_suffer

MegaRandom

506630128Analyzed
4v4 RM · 18d ago on Sep 14, 2026· 89m 13s· 8 players
Game mode
Random Map
Map size
Large (8 player)
Population
200
Speed
Normal
Resources
Standard
Victory
Conquest
Starting age
Dark Age
Ending age
Imperial Age
RankedLock teamsTeams togetherTeam positionsShared explorationLock speedFull tech treeHidden civsTurbo modeCheats
Victory
Defeat
🇬🇧 Koreans · United Kingdom
714
+17
🇧🇷 Chinese · Brazil
689
+18
🇬🇧 Shu · United Kingdom
683
+19
🇫🇷 Mongols · France
681
+19
🇬🇧 Japanese · United Kingdom
754
-19
🇶🇦 Bohemians · Qatar
742
-18
🇨🇳 Vietnamese · China
739
-18
🇨🇳 Hindustanis · China
722
-18
UzX NeO
0:29 Loom
12:48 Feudal Age
16:05 Fishing Lines
17:16 Wheelbarrow
16:42 Double-Bit Axe
16:45 Town Watch
19:37 Gold Mining
24:45 Stone Mining
28:09 Castle Age
26:45 Forging
26:41 Scale Barding Armor
28:54 Gillnets
29:24 Hand Cart
29:23 Bow Saw
31:18 Gold Shaft Mining
31:20 Stone Shaft Mining
32:18 Chain Barding Armor
32:34 Iron Casting
32:40 Bloodlines
35:50 Medium Warships
36:29 Iron Casting
35:57 Husbandry
36:04 Nomads
39:32 Siphons
39:38 Careening
39:39 Clinker Construction
39:51 Ballistics
42:48 Town Patrol
42:49 Murder Holes
43:08 Masonry
49:23 Imperial Age
50:28 Carvel Hull
51:15 Blast Furnace
51:14 Heavy Warships
52:05 Shipwright
52:21 Elite Steppe Lancer
58:48 Chemistry
62:55 Demolition Ship
70:56 Gold Shaft Mining
lord_suffer
12:30 Feudal Age
18:13 Fletching
21:18 Castle Age
20:33 Fishing Lines
22:01 Loom
23:44 Medium Warships
24:02 Double-Bit Axe
26:43 Bodkin Arrow
27:07 Clinker Construction
27:10 Careening
35:13 Gillnets
37:50 Gold Mining
37:51 Town Watch
38:41 Wheelbarrow
38:21 Masonry
41:46 Imperial Age
44:26 Chemistry
43:47 Ballistics
44:01 Hand Cart
47:12 Caravan
49:45 Architecture
50:17 Murder Holes
50:26 Bracer
56:53 Eupseong
61:44 Heated Shot
66:55 Coinage
68:06 Bow Saw
70:28 Two-Man Saw
70:20 Heavy Warships
72:44 Elite Turtle Ship
73:38 Elite Fire Lancer
75:41 Shipwright
79:17 Dry Dock
88:37 Carvel Hull
Dean Filmore
15:09 Feudal Age
17:25 Double-Bit Axe
19:44 Castle Age
17:31 Loom
18:22 Wheelbarrow
18:19 Fishing Lines
18:50 Horse Collar
21:01 Bow Saw
20:54 Heavy Plow
23:05 Hand Cart
29:16 Imperial Age
27:28 Masonry
27:42 Forging
27:34 Scale Mail Armor
27:39 Padded Archer Armor
30:13 Caravan
30:15 Fletching
30:41 Leather Archer Armor
30:41 Chain Mail Armor
30:26 Gold Mining
30:27 Stone Mining
31:12 Ballistics
33:31 Two-Man Saw
32:44 Town Watch
34:55 Bodkin Arrow
35:30 Ring Archer Armor
35:31 Plate Mail Armor
36:21 Chemistry
35:50 Fortified Wall
35:37 Heated Shot
37:31 Bracer
37:34 Murder Holes
38:18 Architecture
38:17 Squires
37:39 Pikeman
37:47 Pikeman
38:18 Arson
39:01 Halberdier
39:55 Thumb Ring
39:13 Crossbowman
39:16 Elite Skirmisher
41:07 Medium Warships
40:41 Arbalester
42:39 Conscription
44:59 Clinker Construction
45:01 Careening
45:07 Siege Engineers
48:43 Carvel Hull
49:26 Bolt Magazine
52:02 Coiled Serpent Array
69:06 Hoardings
71:55 Dry Dock
71:58 Shipwright
NoobForever
0:35 Loom
11:50 Feudal Age
19:25 Double-Bit Axe
19:22 Horse Collar
20:18 Gold Mining
20:19 Stone Mining
21:06 Fishing Lines
26:49 Castle Age
28:23 Stone Shaft Mining
28:24 Gold Shaft Mining
28:02 Bow Saw
27:54 Heavy Plow
27:54 Gillnets
33:44 Imperial Age
33:57 Capped Ram
36:09 Fervor
36:20 Fletching
36:30 Padded Archer Armor
36:39 Padded Archer Armor
38:34 Caravan
39:04 Siege Ram
42:06 Conscription
43:14 Bodkin Arrow
43:34 Leather Archer Armor
45:09 Elite Chu Ko Nu
46:28 Bracer
46:58 Ring Archer Armor
47:49 Ring Archer Armor
53:17 Ballistics
53:57 Chemistry
57:04 Wheelbarrow
56:18 Town Watch
59:48 Rocketry
74:30 Thumb Ring
Sam wood
1:30 Loom
15:56 Feudal Age
17:16 Wheelbarrow
16:27 Town Watch
16:35 Double-Bit Axe
18:27 Horse Collar
18:45 Fishing Lines
31:43 Castle Age
32:42 Hand Cart
32:28 Town Patrol
33:07 Gillnets
32:38 Demolition Ship
36:48 Medium Warships
46:08 Coinage
Uncle Oswald
2:55 Loom
10:11 Feudal Age
10:52 Fishing Lines
12:51 Wheelbarrow
15:10 Double-Bit Axe
22:47 Castle Age
20:53 Town Watch
25:05 Squires
24:53 Arson
24:29 Pikeman
24:59 Arson
27:56 Demolition Ship
30:13 Gillnets
31:14 Treadmill Crane
31:47 Fortified Wall
31:52 Clinker Construction
35:12 Stone Mining
35:14 Gold Mining
35:37 Bow Saw
38:40 Imperial Age
38:00 Caravan
40:33 Conscription
42:01 Scale Mail Armor
42:12 Forging
42:33 Ballistics
42:10 Murder Holes
42:28 Fletching
43:09 Medium Warships
43:34 Bodkin Arrow
44:58 Two-Man Saw
44:36 Gold Shaft Mining
45:28 Chain Mail Armor
45:49 Iron Casting
45:15 Bracer
44:53 Elite Samurai
46:52 Hand Cart
47:24 Plate Mail Armor
47:55 Blast Furnace
49:39 Heavy Warships
66:06 Halberdier
伐伐伐伐木工
13:16 Feudal Age
14:49 Double-Bit Axe
14:47 Horse Collar
18:25 Loom
19:51 Stone Mining
19:51 Gold Mining
22:54 Fishing Lines
26:20 Castle Age
27:53 Stone Shaft Mining
29:16 Bow Saw
29:51 Gillnets
30:58 Wheelbarrow
30:33 Heavy Plow
35:53 Imperial Age
33:40 Hand Cart
33:50 Hand Cart
36:19 Caravan
39:27 Paper Money
39:12 Chatras
38:51 Elite Skirmisher
40:53 Imperial Skirmisher
43:15 Chemistry
42:50 Ballistics
44:04 Fletching
44:14 Padded Archer Armor
47:48 Leather Archer Armor
47:29 Bodkin Arrow
50:14 Bombard Tower
49:46 Guard Tower
49:49 Arrowslits
61:20 Keep
61:43 Pikeman
62:24 Squires
69:37 Guilds
76:10 Demolition Ship
81:24 Bracer
81:21 Onager
fjk
12:45 Feudal Age
14:10 Wheelbarrow
13:19 Horse Collar
13:27 Double-Bit Axe
18:49 Gold Mining
21:28 Town Watch
23:53 Castle Age
22:03 Stone Mining
25:15 Hand Cart
25:13 Bow Saw
25:40 Heavy Plow
26:31 Stone Shaft Mining
27:44 Loom
27:58 Fletching
30:02 Bodkin Arrow
33:20 Imperial Age
34:48 Forging
34:41 Scale Mail Armor
37:03 Two-Man Saw
36:15 Siege Engineers
36:25 Grand Trunk Road
37:56 Scale Barding Armor
38:25 Masonry
39:14 Fortified Wall
44:02 Iron Casting
43:30 Squires
43:55 Husbandry
44:52 Padded Archer Armor
45:34 Hoardings
46:02 Light Cavalry
47:22 Bracer
48:11 Conscription
48:22 Conscription
48:12 Caravan
48:36 Chain Barding Armor
48:41 Bloodlines
51:30 Plate Barding Armor
67:51 Leather Archer Armor
69:12 Blast Furnace
67:39 Elite Skirmisher
68:24 Thumb Ring
70:40 Imperial Skirmisher
81:17 Ring Archer Armor
82:11 Hussar
85:22 Pikeman
Connection lost

Rejoining the realm…

Still unreachable

The connection could not be restored.

Session expired

The server has moved on; the page needs a fresh start.